 Dungeon Crawl Stone Soup version 0.31.0-12-g77e489cdc1 (webtiles) character file.

Game seed: 16967938085184994789

201 Silvore the Slasher (level 5, -3/41 HPs)
             Began as a Demonspawn Fighter on Feb 12, 2024.
             Slain by Terence
             ... wielding a +4 flail of holy wrath
              (6 damage)
             ... on level 2 of the Dungeon.
             The game lasted 00:02:28 (1287 turns).

Silvore the Slasher (Demonspawn Fighter)            Turns: 1287, Time: 00:02:28

Health: -3/41      AC:  8    Str: 18    XL:     5   Next: 50%
Magic:  5/5        EV:  9    Int:  9    God:
Gold:   138        SH:  4    Dex: 12    Spells: 4/4 levels left

rFire   . . .        a - +0 long sword
rCold   . . .        c - +0 buckler
rNeg    . . .        b - +0 scale mail
rPois   .            (no helmet)
rElec   .            (no cloak)
rCorr   .            (no gloves)
SInv    .            (no boots)
Will    .....        (no amulet) Stlth
                     (no ring)
HPRegen 0.26/turn    (no ring)
MPRegen 0.18/turn

%: no passive effects
@: studying Long Blades
A: icy blue scales 1, magic regeneration
a: no special abilities


You were on level 2 of the Dungeon.
You visited 1 branch of the dungeon, and saw 2 of its levels.

You collected 138 gold pieces.

Inventory:

Hand Weapons
 a - a +0 long sword (weapon)
Armour
 b - a +0 scale mail (worn)
 c - a +0 buckler (worn)
Scrolls
 d - a scroll of fear {unknown}
Potions
 e - a potion of curing
 f - a potion of brilliance {unknown}
 i - a potion of mutation {unknown}
 l - a potion of degeneration {unknown}


   Skills:
 + Level 3.6 Fighting
 + Level 4.5 Long Blades
 + Level 3.5 Armour
 + Level 1.3 Dodging
 + Level 3.2 Shields


You had 4 spell levels left.
You didn't know any spells.
Your spell library contained the following spells:

 Spells                   Type           Power      Damage    Failure   Level
 Slow                     Hex            0%         N/A       85%         1
 Confusing Touch          Hex            0%         N/A       99%         3
 Sigil of Binding         Hex            0%         N/A       99%         3
 Vampiric Draining        Necr           0%         2d6       99%         3


Dungeon Overview and Level Annotations

Branches:
Dungeon (2/15)

Altars:

Annotations:
D:2 Terence


Innate Abilities, Weirdness & Mutations

You are partially covered in icy blue scales. (AC +2)
You regenerate magic rapidly.


Message History

You feel sick.
You feel sick.
You feel sick.
You are no longer poisoned.
You pick up a book of Debilitation and begin reading...
You add the spells Slow, Sigil of Binding, Vampiric Draining and Confusing Touch to your library.
You now have 138 gold pieces (gained 9).
Found a stone staircase leading up.
Terence the Incautious comes into view.
He is wielding a +4 flail of holy wrath.
Terence shouts!
Terence is nearby!
Found a fizzy coppery potion.
Terence hits you but does no damage.
You closely miss Terence.
Terence hits you with a +4 flail of holy wrath!
You convulse!
You hit Terence.
Terence is lightly wounded.
Terence hits you but does no damage.
You hit Terence.
Terence is moderately wounded.
Terence hits you with a +4 flail of holy wrath!
You convulse.
You closely miss Terence.
Terence is moderately wounded.
Terence hits you with a +4 flail of holy wrath.
You convulse.
* * * LOW HITPOINT WARNING * * *
Terence barely misses you.
You hit Terence.
Terence is heavily wounded.
Terence hits you with a +4 flail of holy wrath.
* * * LOW HITPOINT WARNING * * *
You convulse.
* * * LOW HITPOINT WARNING * * *
You hit Terence but do no damage.
Terence is heavily wounded.
Terence hits you with a +4 flail of holy wrath.
You die...
Terence says, "That felt goooood."

#..#.##.#.#
#..#.##.#.#
#..#....#.# .
#.......#.#
#.#####
#.#####.#.#
....... #.# #.#.#
....... #.# #.#.##
.......######.#
#.#...
......@@......#
#.#..#
..............#
#.#..#
#!#####.......#
#.#..# #.......#
#<#..#
#.......#######..#
#.................
#.........####....
#####.............
#.....####....


You could see Terence.

Vanquished Creatures
  Sigmund (D:2)
  2 adders (D:2)
  4 endoplasms
  3 giant cockroaches
  4 goblins
  3 hobgoblins (D:1)
  3 quokkas
  A ball python (D:1)
  5 bats
  A frilled lizard (D:1)
  2 kobolds
  3 rats
32 creatures vanquished.

Notes
Turn   | Place    | Note
-------+----------+-------------------------------------------
     0 | D:1      | Silvore the Demonspawn Fighter began the quest for the Orb.
     0 | D:1      | Reached XP level 1. HP: 18/18 MP: 1/1
   171 | D:1      | Gained mutation: You regenerate magic rapidly. [demonic
                  | ancestry]
   171 | D:1      | Reached XP level 2. HP: 24/24 MP: 2/2
   410 | D:1      | Reached skill level 2 in Long Blades
   664 | D:1      | Identified a scroll of acquirement
   664 | D:1      | Acquired a manual of Long Blades
   710 | D:2      | Noticed Sigmund
   720 | D:2      | Killed Sigmund
   721 | D:2      | Reached skill level 4 in Long Blades
   721 | D:2      | Reached skill level 1 in Dodging
   721 | D:2      | Reached XP level 3. HP: 19/29 MP: 3/3
   721 | D:2      | Gained mutation: You are partially covered in icy blue
                  | scales. (AC +2) [demonic ancestry]
   721 | D:2      | Reached XP level 4. HP: 24/36 MP: 4/4
   721 | D:2      | Reached XP level 5. HP: 27/41 MP: 5/5
  1278 | D:2      | Noticed Terence
  1286 | D:2      | HP: 2/41 [Terence/+4 flail of holy wrath (3)]
  1287 | D:2      | Slain by Terence

Illustrated notes

Levels and vault maps discovered:
D:1:      minmay_arrival_wavy_path, layout_rooms, dk_noncrumbling_2
D:2:      layout_basic, basic_altar, minmay_misc_feat_pillars,
          minmay_misc_feat_doors, uniq_sigmund, uniq_terence

Skill      XL: |  1  2 |
---------------+-------+-----
Shields        | 3 |  3.2
Long Blades    | 4 |  4.5
Armour         | 3 |  3.5
Dodging        | 1 |  1.3
Fighting       | |  3.6

Action                     |  1- 3 |  4- 6 || total
---------------------------+-------+-------++-------
  Melee: Long sword        |    82 |    56 ||   138
    Use: Scroll            |     5 |       ||     5
         Potion            |     1 |       ||     1
 Armour: Scale mail        |    67 |    46 ||   113
  Dodge: Dodged            |    41 |    29 ||    70
  Block: Buckler           |    20 |    10 ||    30
